 Dungeon Crawl Stone Soup version 0.27-a0-1144-g0b7d3b79db (webtiles) character file.

Game seed: 12084205249837986852

2588 robertstho the Protected (level 9, -2/80 HPs)
             Began as a Minotaur Berserker on May 10, 2021.
             Was an Elder of Trog.
             Slain by a hornet (8 damage)
             ... on level 8 of the Dungeon.
             The game lasted 00:07:13 (7712 turns).

robertstho the Protected (Minotaur Berserker)       Turns: 7712, Time: 00:07:13

Health: -2/80      AC: 12    Str: 24    XL:     9   Next: 32%
Magic:  8/8        EV: 14    Int:  5    God:    Trog [****..]
Gold:   463        SH: 10    Dex: 10    Spells: 8/8 levels left

rFire    . . .     SeeInvis .   a - +0 hand axe
rCold    . . .     Faith    .   n - +0 kite shield
rNeg     . . .     Spirit   .   y - +2 ring mail {rPois}
rPois    +         Reflect  .   (helmet restricted)
rElec    .         Harm     .   b - +0 cloak
rCorr    +         Rampage  .   r - +1 pair of gloves
Will     .....                  (no boots)
Stlth    +.........             (no amulet)
HPRegen  0.23/turn              o - ring of resist corrosion
MPRegen  0.11/turn              z - +4 ring of evasion

@: on berserk cooldown, slowed, very slow
A: horns 2, retaliatory headbutt
a: Renounce Religion, Berserk, Trog's Hand, Brothers in Arms


You were on level 8 of the Dungeon.
You worshipped Trog.
Trog was greatly pleased with you.
You visited 1 branch of the dungeon, and saw 8 of its levels.

You collected 463 gold pieces.

Inventory:

Hand Weapons
 a - a +0 hand axe (weapon)
Armour
 b - a +0 cloak (worn)
 n - a +0 kite shield (worn)
 r - a +1 pair of gloves (worn)
 w - a +0 plate armour
 y - a +2 ring mail of poison resistance (worn)
Jewellery
 o - a ring of resist corrosion (left hand)
 q - a ring of positive energy
 x - a ring of willpower
 z - a +4 ring of evasion (right hand)
Wands
 t - a wand of acid (11)
 A - a wand of mindburst (29)
 C - a wand of digging (6)
 D - a wand of iceblast (12)
Scrolls
 e - 2 scrolls of immolation {unknown}
 f - a scroll of brand weapon {unknown}
 g - a scroll of summoning {unknown}
 i - 3 scrolls of enchant armour
 k - a scroll of vulnerability
 p - 2 scrolls of fog {unknown}
 v - 2 scrolls of amnesia {unknown}
 B - 2 scrolls of teleportation {unknown}
 G - 2 scrolls of identify
 I - a scroll of blinking {unknown}
Potions
 c - 2 potions of curing
 d - a potion of berserk rage {unknown}
 h - 2 potions of ambrosia {unknown}
 j - 2 potions of brilliance {unknown}
 l - 4 potions of haste {unknown}
 m - a potion of cancellation {unknown}
 s - a potion of flight {unknown}
 u - a potion of heal wounds {unknown}
 E - a potion of lignification {unknown}
 F - a potion of magic {unknown}
 H - 2 potions of mutation {unknown}


   Skills:
 * Level 7.7 Fighting
 + Level 8.5 Axes
 * Level 9.0 Armour
 + Level 4.5 Dodging
 + Level 0.6 Stealth
 + Level 5.1 Shields
 + Level 0.3 Unarmed Combat


You had 8 spell levels left.
You didn't know any spells.
Your spell library was empty.

Dungeon Overview and Level Annotations

Branches:
Dungeon (8/15)             Temple (0/1) D:7
   Lair: D:8-11

Altars:
Elyvilon
Fedhas
Gozag
Sif Muna
Trog
Vehumet
Wu Jian
Zin

Shops:
D:7 (   D:8 *

Annotations:
D:6 Prince Ribbit


Innate Abilities, Weirdness & Mutations

You have a pair of horns on your head.
You reflexively headbutt those who attack you in melee.


Message History

The steam dragon misses you.
The steam dragon claws you but does no damage.
You barely miss the steam dragon.
You headbutt the steam dragon, but do no damage.
The steam dragon is heavily wounded.
You block the steam dragon's attack. The steam dragon completely misses you.
The steam dragon breathes steam at you. The ball of steam hits you!
You are too injured to fight recklessly!
You are too injured to fight recklessly!
You are too injured to fight recklessly!
Unknown command.
You're still recovering from your berserk rage.
Unknown command.
Okay, then.
You block the hornet's attack. The hornet misses you. The hornet stings you!
You feel as though you will be slow longer.
The hornet closely misses you. You furiously retaliate!
You headbutt the hornet!
The hornet stings you but does no damage.
You block the hornet's attack. The hornet stings you!
* * * LOW HITPOINT WARNING * * *
You are poisoned.
Really walk into that dispersal trap?
You enter a dispersal trap!
The hornet blinks!
You blink.
You feel very sick.
Unknown command.
You feel better. The hornet barely misses you.
The steam dragon breathes steam at you. The ball of steam misses you.
The hornet closely misses you. You furiously retaliate!
You headbutt the hornet, but do no damage.
As you read the scroll labelled RIEDGH BORAPI, it crumbles to dust.
It is a scroll of enchant armour.
Your +0 pair of gloves glows green for a moment.
You are engulfed in a cloud of scalding steam.
* * * LOW HITPOINT WARNING * * *
The hornet stings you!
You die...

#.......#
##########.......#
#...#...##.......#
#._).)8.##.......#
#..)#.).##.......#
######.###...§...#
#.8.#.).##..§§...###
####......8#....§§.....
#..#...#...#...@y§.....
##.###'######.##§..##...
#..##..##.....##D###
#.###.###.##.D...#
..###.....##.###.#
#.....#.....<# #§#
..###...####.........#
.#....### #.........#
...#### #.........#


You could see a hornet and a steam dragon (catching breath).

Vanquished Creatures
  Psyche (D:8)
  A troll (D:8)
  A steam dragon (D:8)
  An ice beast (D:7)
  An orc warrior (D:7)
  A necrophage (D:6)
  An ogre (D:6)
  A centaur (D:5)
  Blork the orc (D:4)
  3 scorpions
  2 bullfrogs
  A wyvern skeleton (D:7)
  A water moccasin zombie (D:3)
  8 killer bees
  A howler monkey (D:6)
  7 hounds
  An orc priest (D:7)
  A gnoll shaman (D:8)
  2 jellies (D:8)
  2 iguanas
  Terence (D:2)
  2 orc wizards (D:6)
  A hound skeleton (D:4)
  Robin (D:2)
  8 gnolls
  7 adders
  An adder skeleton (D:5)
  4 worms
  10 orcs
  8 ball pythons
  6 endoplasms
  5 giant cockroaches
  15 goblins
  8 hobgoblins
  6 jackals (D:4)
  2 quokkas
  5 bats
  2 frilled lizards (D:3)
  4 kobolds
  7 rats
141 creatures vanquished.

Notes
Turn   | Place    | Note
-------+----------+-------------------------------------------
     0 | D:1      | robertstho the Minotaur Berserker began the quest for the
                  | Orb.
     0 | D:1      | Reached XP level 1. HP: 19/19 MP: 0/0
   331 | D:1      | Reached XP level 2. HP: 20/27 MP: 1/1
  1436 | D:2      | Reached ** piety under Trog
  1439 | D:2      | Reached XP level 3. HP: 27/34 MP: 2/2
  1651 | D:2      | Noticed Terence
  1658 | D:2      | Killed Terence
  1659 | D:2      | Reached skill level 3 in Armour
  1699 | D:2      | Found a faded altar of an unknown god.
  1750 | D:2      | Noticed Robin
  1755 | D:2      | Reached XP level 4. HP: 41/41 MP: 3/3
  1759 | D:2      | Killed Robin
  1760 | D:2      | Reached skill level 5 in Fighting
  2854 | D:3      | Reached skill level 5 in Axes
  2854 | D:3      | Reached skill level 4 in Armour
  2854 | D:3      | Reached XP level 5. HP: 31/48 MP: 4/4
  3041 | D:4      | Found a white marble altar of Elyvilon.
  3059 | D:4      | Reached *** piety under Trog
  3331 | D:4      | Reached XP level 6. HP: 50/56 MP: 5/5
  3397 | D:4      | Noticed Blork the orc
  3406 | D:4      | Killed Blork the orc
  3740 | D:4      | Found a radiant altar of Vehumet.
  3771 | D:4      | Reached skill level 5 in Armour
  3888 | D:4      | Found a bloodstained altar of Trog.
  4078 | D:5      | Entered Level 5 of the Dungeon
  4218 | D:5      | Reached XP level 7. HP: 24/62 MP: 6/6
  4550 | D:5      | Found an opulent altar of Gozag.
  4658 | D:5      | Reached skill level 1 in Shields
  5389 | D:6      | Reached skill level 6 in Armour
  5515 | D:6      | Reached XP level 8. HP: 70/71 MP: 7/7
  5733 | D:6      | Found a glowing silver altar of Zin.
  5872 | D:6      | Noticed Prince Ribbit
  6044 | D:6      | Found a shimmering blue altar of Sif Muna.
  6391 | D:7      | Reached skill level 7 in Armour
  6392 | D:7      | Found a staircase to the Ecumenical Temple.
  6766 | D:7      | Found a blossoming altar of Fedhas.
  6856 | D:7      | Reached skill level 8 in Armour
  7101 | D:7      | Found Igyewer's Weapon Boutique.
  7154 | D:8      | Found Hawal's Lightly-Used Armoury.
  7161 | D:8      | Noticed Psyche
  7174 | D:8      | Killed Psyche
  7175 | D:8      | Reached XP level 9. HP: 23/79 MP: 8/8
  7403 | D:8      | Noticed a troll
  7413 | D:8      | Killed a troll
  7413 | D:8      | Reached **** piety under Trog
  7414 | D:8      | Reached skill level 5 in Shields
  7583 | D:8      | Reached skill level 9 in Armour
  7659 | D:8      | Found an ornate altar of the Wu Jian Council.
  7712 | D:8      | Slain by a hornet

Illustrated notes

Levels and vault maps discovered:
D:1:      minmay_arrival_arboretum_small, layout_basic, grunt_decor_arrowhead
D:2:      layout_basic, ebering_ecumenical_altar_sacrificial, minivault_23,
          uniq_robin, uniq_terence
D:3:      layout_loops_ring
D:4:      layout_basic, nicolae_vehumet_altar_sigil, elyvilon_altar_4,
          kennysheep_little_box, uniq_blork_the_orc
D:5:      layout_loops_cross, kennysheep_mini_moat
D:6:      layout_loops_ring, lemuel_round_altar, lemuel_tele_altar, minivault_4,
          uniq_prince_ribbit1
D:7:      layout_basic, fedhas_ov_isle_minmay, minmay_temple_entry_ruins,
          serial_shops, shop, minmay_holes, nrook_mini_vaults,
          nrook_mini_backslash
D:8:      layout_rooms, nicolae_wu_jian_immortal_techniques,
          minmay_shop_damaged, uniq_psyche

Skill      XL: |  1  2  3  4  5  6  7  8  9 |
---------------+----------------------------+-----
Fighting       | 4 5 6 7 |  7.7
Axes           | 4 5 6 7 8 |  8.5
Armour         | 3 4 5 6 8 9 |  9.0
Dodging        | 3 4 |  4.5
Shields        | 2 4 5 |  5.1
Stealth        | |  0.6
Unarmed Combat | |  0.3

Action                   |  1- 3 |  4- 6 |  7- 9 || total
-------------------------+-------+-------+-------++-------
Melee: Hand axe          |    66 |   158 |   167 ||   391
       Headbutt          |    16 |    16 |    26 ||    58
       Unarmed           |       |       |     2 ||     2
Invok: Berserk           |     3 |     2 |     7 ||    12
       Trog's Hand       |       |       |     2 ||     2
  Use: Scroll            |       |     2 |     1 ||     3
       Potion            |       |       |     1 ||     1
Armor: Animal skin       |     2 |       |       ||     2
       Scale mail        |    22 |    86 |    18 ||   126
       Plate armour      |       |       |    26 ||    26
       Ring mail         |       |       |    33 ||    33
       Skin              |       |       |     1 ||     1
Dodge: Dodged            |    42 |    69 |    98 ||   209
Block: Kite shield       |       |    28 |    93 ||   121

Table legend: (Time is in decaauts)
 A = Elapsed time spent in this place.
 B = Non-inter-level travel time spent in this place.
 C = Inter-level travel time spent in this place.
 D = Time resting spent in this place.
 E = Time spent auto-exploring this place.
 F = Levels seen in this place.
 G = Mean time per level.
                   A        B        C        D        E       F      G
               +--------+--------+--------+--------+--------+-----+--------+
         Total |   7869 |   7643 |    226 |    335 |   6370 |   8 |  983.6 |
       Dungeon |   7869 |   7643 |    226 |    335 |   6370 |   8 |  983.6 |
               +--------+--------+--------+--------+--------+-----+--------+

Top non-repeatable levels by time:
     D:1: 1379 daAuts
     D:6: 1222 daAuts
     D:4: 1120 daAuts
     D:7: 1004 daAuts
     D:5: 914 daAuts
     D:3: 867 daAuts
     D:2: 768 daAuts
     D:8: 591 daAuts
